 Dungeon Crawl Stone Soup version 0.25-a0-589-g1e14c549ee (webtiles) character file.

Game seed: 374195784779494188, levelgen mode: deterministic

116 wullow the Shield-Bearer (level 4, 0/35 HPs)
             Began as a Demonspawn Fighter on Mar 11, 2020.
             Was an Initiate of Okawaru.
             Slain by an iguana (6 damage)
             ... on level 6 of the Dungeon.
             The game lasted 00:03:52 (2217 turns).

wullow the Shield-Bearer (Demonspawn Fighter)       Turns: 2217, Time: 00:03:53

Health: 0/35       AC:  6    Str: 18    XL:     4   Next: 70%
Magic:  0/4        EV:  7    Int:  9    God:    Okawaru [......]
Gold:   81         SH:  9    Dex: 12    Spells: 3/3 levels left

rFire    . . .     SeeInvis .   d - +3 dagger
rCold    . . .     Gourm    .   c - +0 kite shield
rNeg     . . .     Faith    .   b - +0 scale mail
rPois    .         Spirit   +   (no helmet)
rElec    .         Reflect  .   (no cloak)
rCorr    .         Harm     .   (no gloves)
MR       .....                  (no boots)
Stlth    ..........             (no amulet)
HPRegen  0.11/turn              (no ring)
MPRegen  0.09/turn              (no ring)

@: no status effects
A: magic shield
a: Renounce Religion


You were on level 6 of the Dungeon.
You worshipped Okawaru.
Okawaru was noncommittal.
You were not hungry.

You visited 1 branch of the dungeon, and saw 4 of its levels.

You collected 81 gold pieces.

Inventory:

Hand Weapons
 a - a +0 rapier
 d - a +3 dagger (weapon)
Missiles
 h - 17 arrows
 i - 19 bolts
 j - 41 stones (quivered)
 q - 6 poisoned darts
Armour
 b - a +0 scale mail (worn)
 c - a +0 kite shield (worn)
 n - a +3 scale mail
Wands
 l - a wand of random effects (15)
Scrolls
 e - a scroll of identify {unknown}
 m - a scroll of immolation {unknown}
 o - a scroll of fear {unknown}
 p - 2 scrolls of amnesia {unknown}
Potions
 g - a potion of magic {unknown}
 k - a potion of haste {unknown}
Comestibles
 f - 3 rations


   Skills:
 + Level 3.5 Fighting
 * Level 3.0 Short Blades
 + Level 3.1 Armour
 * Level 3.6 Shields


You had 3 spell levels left.
You didn't know any spells.
Your spell library was empty.

Dungeon Overview and Level Annotations

Branches:
Dungeon (3/15)             Temple (0/1) D:6

Altars:
Dithmenos
Makhleb
Okawaru


Innate Abilities, Weirdness & Mutations

When hurt, damage is shared between your health and your magic reserves.


Message History

You block the iguana's attack.
You hit the iguana.
The iguana is heavily wounded.
The iguana closely misses you.
You hit the iguana.
The iguana is severely wounded.
The iguana bites you.
You hit the iguana but do no damage.
The iguana is severely wounded.
The iguana bites you.
* * * LOW HITPOINT WARNING * * *
You hit the iguana but do no damage.
The iguana is severely wounded.
The iguana hisses menacingly.
The iguana bites you.
* * * LOW HITPOINT WARNING * * *
You barely miss the iguana.
The iguana is severely wounded.
The iguana bites you!
You die...

..##########
...........#
...........# #
#....).....# #.
#..........# #.
#..........# #.#
#..........#
#..#####
#..........#
#l....#
#..........# #@#
#..........# #.#
#..........#####.##
######............#
#............#
#............#
#............#
###########+##


You could see an iguana.

Vanquished Creatures
  A hound (D:2)
  2 adders
  A shadow imp (D:3)
  2 adder skeletons (D:6)
  3 worms (D:2)
  4 dart slugs
  2 leopard geckos
  4 bats
  2 giant cockroaches
  8 goblins
  A hobgoblin (D:1)
  2 kobolds
  2 quokkas (D:3)
  2 frilled lizards (D:2)
  6 rats
42 creatures vanquished.

Notes
Turn   | Place    | Note
-------+----------+-------------------------------------------
     0 | D:1      | wullow the Demonspawn Fighter began the quest for the Orb.
     0 | D:1      | Reached XP level 1. HP: 18/18 MP: 1/1
     3 | D:1      | Noticed an electric eel
     3 | D:1      | Noticed an electric eel
   559 | D:1      | Gained mutation: When hurt, damage is shared between your
                  | health and your magic reserves. [demonic ancestry]
   559 | D:1      | Reached XP level 2. HP: 23/24 MP: 2/2
   584 | D:1      | You fall into a shaft and drop 1 floor!
   606 | D:2      | Reached XP level 3. HP: 23/29 MP: 3/3
  1067 | D:2      | Reached XP level 4. HP: 23/35 MP: 2/4
  1221 | D:2      | Found an iron altar of Okawaru.
  1221 | D:2      | Found a shadowy altar of Dithmenos.
  1227 | D:2      | Became a worshipper of Warmaster Okawaru
  1333 | D:2      | Found a burning altar of Makhleb.
  2151 | D:3      | You fall into a shaft and drop 3 floors!
  2170 | D:6      | Found a staircase to the Ecumenical Temple.
  2217 | D:6      | Slain by an iguana

Levels and vault maps discovered:
D:1:      arrival_aquarium_b, layout_basic, minmay_split_cup_large
D:2:      layout_rooms, lemuel_coloured_pillars_altar,
          gammafunk_temple_overflow_wave, serial_forest,
          infiniplex_forest_clump_diagonal, infiniplex_forest_clump_small,
          infiniplex_forest_3_way, infiniplex_forest_side_room,
          infiniplex_forest_lined_room_2, infiniplex_forest_lined_1,
          infiniplex_forest_end_2, infiniplex_forest_clump_diagonal,
          minivault_4, minmay_misc_feat_roman, hangedman_decor_riveting,
          kennysheep_path_1
D:3:      layout_loops_ring, uniq_ijyb, uniq_jessica
D:6:      minmay_octagon_keep, layout_basic,
          minmay_temple_entry_statues_fountains

Skill      XL: |  1  2  3  4 |
---------------+-------------+-----
Short Blades   | 2 3 |  3.0
Shields        | 3 |  3.6
Armour         | 3 |  3.1
Fighting       | |  3.5

Action                   |  1- 3 |  4- 6 || total
-------------------------+-------+-------++-------
Melee: Rapier            |    53 |       ||    53
       Dagger            |    19 |   101 ||   120
  Use: Potion            |     1 |       ||     1
  Eat: Chunk             |       |     4 ||     4
Armor: Scale mail        |    21 |    32 ||    53
Dodge: Dodged            |    11 |    19 ||    30
Block: Kite shield       |    29 |    41 ||    70

Table legend:
 A = Non-vault XP
 B = Vault XP
 C = Vault XP percentage of total XP
 D = Non-vault monster count
 E = Vault monster count
 F = Vault count percentage of total count
                 A         B        C        D         E       F
            +---------+---------+-------+---------+---------+-------
      Total |     156 |      11 |   6.6 |      38 |       4 |   9.5
            +---------+---------+-------+---------+---------+-------
        D:1 |      12 |      11 |  47.8 |       6 |       4 |  40.0
        D:2 |      90 |       0 |   0.0 |      17 |       0 |   0.0
        D:3 |      44 |       0 |   0.0 |      13 |       0 |   0.0
        D:6 |      10 |       0 |   0.0 |       2 |       0 |   0.0
            +---------+---------+-------+---------+---------+-------
